ITL
AMARILLO ARCHDUKES @ BLUEVILLE 83'S
04/30/2026
 
TOP OF THE 1ST
Amarillo Archdukes batting - Pitching for Blueville 83's : LHP Pierre Dumont
Pitching: LHP Pierre Dumont
Batting: RHB Tony Quinn 0-0: Called Strike
0-1: Ball
1-1: Ball
2-1: Ball
3-1: DOUBLE (Line Drive, 5D)
Batting: LHB Chris Pryor 0-0: Ball
1-0: Foul Ball, location: 2F
1-1: Foul Ball, location: 2F
1-2: Ground out 4-3 (Groundball, 4M)
Tony Quinn to third
Batting: RHB Tim Chambers 0-0: Ball
1-0: Ball
2-0: Ground out 5-3 (Groundball, 56)
Tony Quinn scores
Batting: LHB Michael Cook 0-0: Swinging Strike
0-1: Swinging Strike
0-2: Strikes out looking
Top of the 1st over - 1 run(s), 1 hit(s), 0 error(s), 0 left on base; Amarillo 1 - Blueville 0
BOTTOM OF THE 1ST
Blueville 83's batting - Pitching for Amarillo Archdukes : RHP Carlos Pacheco
Pitching: RHP Carlos Pacheco
Batting: RHB Bryce Hester 0-0: Ball
1-0: Ball
2-0: Foul Ball, location: 2F
2-1: Foul Ball, location: 2F
2-2: Foul Ball, location: 2F
2-2: Strikes out swinging
Batting: RHB Juan Costello 0-0: Ball
1-0: Ball
2-0: Called Strike
2-1: Foul Ball, location: 2F
2-2: Strikes out swinging
Batting: LHB Ricardo Romero 0-0: Foul Ball, location: 2F
0-1: Ball
1-1: Ball
2-1: Foul Ball, location: 2F
2-2: DOUBLE (Line Drive, 3L)
Batting: RHB Jorge Sáenz 0-0: Called Strike
0-1: Foul Ball, location: 2F
0-2: SINGLE (Line Drive, 5D)
Ricardo Romero to third
Batting: LHB Robbie McLaughlin 0-0: Swinging Strike
0-1: Ball
1-1: Ball
2-1: Foul Ball, location: 2F
2-2: Foul Ball, location: 2F
2-2: Foul Ball, location: 2F
2-2: Strikes out swinging
Bottom of the 1st over - 0 run(s), 2 hit(s), 0 error(s), 2 left on base; Amarillo 1 - Blueville 0
TOP OF THE 2ND
Amarillo Archdukes batting - Pitching for Blueville 83's : LHP Pierre Dumont
Batting: RHB Gil Watcham 0-0: Ground out 1-3 (Groundball, 25)
Batting: LHB Howard Lambert 0-0: Fly out, F9 (Flyball, 89XD)
Batting: RHB Ronald Parsons 0-0: Foul Ball, location: 2F
0-1: Ball
1-1: Foul Ball, location: 2F
1-2: Foul Ball, location: 2F
1-2: Ball
2-2: Ball
3-2: SINGLE (Groundball, 56D)
Batting: RHB Mark Roy 0-0: SINGLE (Groundball, 4MD)
Ronald Parsons to second
Runner from 2nd tries for 3rd, SAFE, throw made to third
Batting: LHB Héctor Martínez 0-0: Ball
1-0: DOUBLE (Flyball, 78XD)
Ronald Parsons scores
Mark Roy to third
Runner from 3rd tries for Home, throw and OUT!
Top of the 2nd over - 1 run(s), 3 hit(s), 0 error(s), 1 left on base; Amarillo 2 - Blueville 0
BOTTOM OF THE 2ND
Blueville 83's batting - Pitching for Amarillo Archdukes : RHP Carlos Pacheco
Batting: RHB Kuniaki Kawashima 0-0: Ball
1-0: Ball
2-0: Ball
3-0: Base on Balls
Batting: RHB Jorge Rodríguez 0-0: Called Strike
0-1: Called Strike
0-2: Hit by Pitch
Kuniaki Kawashima to second
Batting: LHB Jacob Wright 0-0: Swinging Strike
0-1: Foul Ball, location: 2F
0-2: Ball
1-2: Strikes out swinging
Batting: RHB Gernot Renner 0-0: Called Strike
0-1: Ball
1-1: Ball
2-1: Called Strike
2-2: Ball
3-2: Strikes out swinging
Jorge Rodríguez is caught stealing 2nd base
Batter strikes out.
Bottom of the 2nd over - 0 run(s), 0 hit(s), 0 error(s), 1 left on base; Amarillo 2 - Blueville 0
TOP OF THE 3RD
Amarillo Archdukes batting - Pitching for Blueville 83's : LHP Pierre Dumont
Batting: RHB Tony Quinn 0-0: Called Strike
0-1: Ball
1-1: Ground out 5-3 (Groundball, 56)
Batting: LHB Chris Pryor 0-0: Called Strike
0-1: Fly out, F9 (Flyball, 9D)
Batting: RHB Tim Chambers 0-0: Ball
1-0: Ball
2-0: Foul Ball, location: 2F
2-1: Swinging Strike
2-2: Strikes out looking
Top of the 3rd over - 0 run(s), 0 hit(s), 0 error(s), 0 left on base; Amarillo 2 - Blueville 0
BOTTOM OF THE 3RD
Blueville 83's batting - Pitching for Amarillo Archdukes : RHP Carlos Pacheco
Batting: RHB Bryce Hester 0-0: Foul Ball, location: 2F
0-1: Ball
1-1: Foul Ball, location: 2F
1-2: Strikes out swinging
Batting: RHB Juan Costello 0-0: Ball
1-0: Called Strike
1-1: TRIPLE (Groundball, 5L)
Batting: LHB Ricardo Romero 0-0: Ball
1-0: Swinging Strike
1-1: Called Strike
1-2: SINGLE (Groundball, 34D)
Juan Costello scores
Batting: RHB Jorge Sáenz 0-0: Called Strike
0-1: Called Strike
0-2: Foul Ball, location: 2F
0-2: Strikes out swinging
Batting: LHB Robbie McLaughlin 0-0: Called Strike
0-1: Foul Ball, location: 2F
0-2: Foul Ball, location: 2F
0-2: Ball
1-2: Ball
2-2: Ball
3-2: Foul Ball, location: 2F
3-2: Fly out, F7 (Flyball, 7S)
Bottom of the 3rd over - 1 run(s), 2 hit(s), 0 error(s), 1 left on base; Amarillo 2 - Blueville 1
TOP OF THE 4TH
Amarillo Archdukes batting - Pitching for Blueville 83's : LHP Pierre Dumont
Batting: LHB Michael Cook 0-0: Foul Ball, location: 2F
0-1: Ball
1-1: Ground out 4-3 (Groundball, 4)
Batting: RHB Gil Watcham 0-0: Ball
1-0: Ball
2-0: Foul Ball, location: 2F
2-1: Foul Ball, location: 2F
2-2: Fly out, F8 (Flyball, 89S)
Batting: LHB Howard Lambert 0-0: Ball
1-0: Ball
2-0: Called Strike
2-1: Fly out, F9 (Flyball, 4D)
Top of the 4th over - 0 run(s), 0 hit(s), 0 error(s), 0 left on base; Amarillo 2 - Blueville 1
BOTTOM OF THE 4TH
Blueville 83's batting - Pitching for Amarillo Archdukes : RHP Carlos Pacheco
Batting: RHB Kuniaki Kawashima 0-0: Called Strike
0-1: Ball
1-1: Swinging Strike
1-2: Ground out 5-3 (Groundball, 5)
Batting: RHB Jorge Rodríguez 0-0: Called Strike
0-1: Ball
1-1: Ball
2-1: Ball
3-1: Base on Balls
Batting: LHB Jacob Wright 0-0: Ball
1-0: Grounds into double play, 1-6-3 (Groundball, 23)
Bottom of the 4th over - 0 run(s), 0 hit(s), 0 error(s), 0 left on base; Amarillo 2 - Blueville 1
TOP OF THE 5TH
Amarillo Archdukes batting - Pitching for Blueville 83's : LHP Pierre Dumont
Batting: RHB Ronald Parsons 0-0: Swinging Strike
0-1: Foul Ball, location: 2F
0-2: Strikes out swinging
Batting: RHB Mark Roy 0-0: DOUBLE (Flyball, 89M)
Batting: LHB Héctor Martínez 0-0: Ball
1-0: DOUBLE (Flyball, 8LXD)
Mark Roy scores
Batting: RHB Tony Quinn 0-0: Ball
1-0: Called Strike
1-1: Ball
2-1: Foul Ball, location: 2F
2-2: SINGLE (Flyball, 8RS)
Héctor Martínez to third
Runner from 3rd tries for Home, SAFE, throw made home
Tony Quinn to second
Batting: LHB Chris Pryor 0-0: Ball
1-0: Ball
2-0: Ball
3-0: Called Strike
3-1: Foul Ball, location: 2F
3-2: Foul Ball, location: 2F
3-2: Ground out 6-3 (Groundball, 6)
Tony Quinn to third
Pitching: RHP José Ruíz
Batting: RHB Tim Chambers 0-0: Ball
1-0: Ball
2-0: Called Strike
2-1: Ball
3-1: Fly out, F8 (Flyball, 89XD)
Top of the 5th over - 2 run(s), 3 hit(s), 0 error(s), 1 left on base; Amarillo 4 - Blueville 1
BOTTOM OF THE 5TH
Blueville 83's batting - Pitching for Amarillo Archdukes : RHP Carlos Pacheco
Batting: RHB Gernot Renner 0-0: Ball
1-0: Called Strike
1-1: Ball
2-1: Foul Ball, location: 2F
2-2: Ball
3-2: Ground out 5-3 (Groundball, 56)
Batting: RHB Bryce Hester 0-0: Foul Ball, location: 2F
0-1: Ball
1-1: Fly out, F4 (Line Drive, 4M)
Batting: RHB Juan Costello 0-0: Ball
1-0: Foul Ball, location: 2F
1-1: Ground out 6-3 (Groundball, 6)
Bottom of the 5th over - 0 run(s), 0 hit(s), 0 error(s), 0 left on base; Amarillo 4 - Blueville 1
TOP OF THE 6TH
Amarillo Archdukes batting - Pitching for Blueville 83's : RHP José Ruíz
Batting: LHB Michael Cook 0-0: Ball
1-0: Called Strike
1-1: Ball
2-1: Ball
3-1: Base on Balls
Batting: RHB Gil Watcham 0-0: Called Strike
Michael Cook is caught stealing 2nd base
0-1: Foul Ball, location: 2F
0-2: Strikes out swinging
Batting: LHB Howard Lambert 0-0: SINGLE (Flyball, 8LS)
Batting: RHB Ronald Parsons 0-0: Called Strike
Throwing error on steal attempt, E2
Howard Lambert to third
0-1: Ball
1-1: Ball
2-1: Ball
3-1: Foul Ball, location: 2F
3-2: Fly out, F9 (Flyball, 89D)
Top of the 6th over - 0 run(s), 1 hit(s), 1 error(s), 1 left on base; Amarillo 4 - Blueville 1
BOTTOM OF THE 6TH
Blueville 83's batting - Pitching for Amarillo Archdukes : RHP Carlos Pacheco
Batting: LHB Ricardo Romero 0-0: Foul Ball, location: 2F
0-1: Foul Ball, location: 2F
0-2: Ball
1-2: Foul Ball, location: 2F
1-2: Strikes out looking
Batting: RHB Jorge Sáenz 0-0: Ball
1-0: Called Strike
1-1: Called Strike
1-2: Ball
2-2: Strikes out swinging
Batting: LHB Robbie McLaughlin 0-0: Ball
1-0: Ball
2-0: Ball
3-0: Base on Balls
Pitching: RHP Larry Pérez
Batting: RHB Kuniaki Kawashima 0-0: Called Strike
0-1: Called Strike
0-2: Strikes out swinging
Bottom of the 6th over - 0 run(s), 0 hit(s), 0 error(s), 1 left on base; Amarillo 4 - Blueville 1
TOP OF THE 7TH
Amarillo Archdukes batting - Pitching for Blueville 83's : RHP José Ruíz
Batting: RHB Mark Roy 0-0: Called Strike
0-1: Ball
1-1: Hit by Pitch
Batting: LHB Héctor Martínez 0-0: Bunt missed!
0-1: Ball
1-1: Bunt missed!
1-2: Grounds into double play, U4-3 (Groundball, 4)
Batting: RHB Tony Quinn 0-0: SINGLE (Groundball, 6M)
Batting: LHB Chris Pryor 0-0: Ball
1-0: Ball
2-0: Swinging Strike
2-1: Called Strike
2-2: Strikes out looking
Top of the 7th over - 0 run(s), 1 hit(s), 0 error(s), 1 left on base; Amarillo 4 - Blueville 1
BOTTOM OF THE 7TH
Blueville 83's batting - Pitching for Amarillo Archdukes : RHP Larry Pérez
Batting: RHB Jorge Rodríguez 0-0: Called Strike
0-1: Ball
1-1: Swinging Strike
1-2: Ball
2-2: Strikes out swinging
Batting: LHB Jacob Wright 0-0: Foul Ball, location: 2F
0-1: Called Strike
0-2: Ball
1-2: Strikes out swinging
Batting: RHB Gernot Renner 0-0: Called Strike
0-1: Foul Ball, location: 2F
0-2: SINGLE (Line Drive, 78S)
Batting: RHB Bryce Hester 0-0: Called Strike
0-1: SINGLE (Groundball, 6MD)
Gernot Renner to second
Batting: RHB Juan Costello 0-0: Swinging Strike
0-1: Ball
1-1: Called Strike
1-2: Foul Ball, location: 2F
1-2: Foul Ball, location: 2F
1-2: Fly out, F8 (Flyball, 89D)
Bottom of the 7th over - 0 run(s), 2 hit(s), 0 error(s), 2 left on base; Amarillo 4 - Blueville 1
TOP OF THE 8TH
Amarillo Archdukes batting - Pitching for Blueville 83's : RHP José Ruíz
Pitching: RHP Rikiya Sakurai
Batting: RHB Tim Chambers 0-0: Fly out, F9 (Line Drive, 89M)
Batting: LHB Michael Cook 0-0: Called Strike
0-1: Ball
1-1: Ball
2-1: Ground out 4-3 (Groundball, 4)
Batting: RHB Gil Watcham 0-0: SINGLE (Popup, 8RS)
Batting: LHB Howard Lambert 0-0: Foul Ball, location: 2F
0-1: Ball
1-1: Foul Ball, location: 2F
1-2: Fly out, F9 (Line Drive, 89S)
Top of the 8th over - 0 run(s), 1 hit(s), 0 error(s), 1 left on base; Amarillo 4 - Blueville 1
BOTTOM OF THE 8TH
Blueville 83's batting - Pitching for Amarillo Archdukes : RHP Larry Pérez
Batting: LHB Ricardo Romero 0-0: Called Strike
0-1: Ground out 1-3 (Groundball, 15)
Batting: RHB Jorge Sáenz 0-0: Called Strike
0-1: Called Strike
0-2: Ball
1-2: Ground out 6-3 (Groundball, 6S)
Batting: LHB Robbie McLaughlin 0-0: Called Strike
0-1: Ball
1-1: Swinging Strike
1-2: Ball
2-2: Foul Ball, location: 2F
2-2: Foul Ball, location: 2F
2-2: Foul Ball, location: 2F
2-2: Ball
3-2: Ground out U3 (Groundball, 3L)
Bottom of the 8th over - 0 run(s), 0 hit(s), 0 error(s), 0 left on base; Amarillo 4 - Blueville 1
TOP OF THE 9TH
Amarillo Archdukes batting - Pitching for Blueville 83's : RHP Rikiya Sakurai
Batting: RHB Ronald Parsons 0-0: Ball
1-0: Foul Ball, location: 2F
1-1: Ball
2-1: Swinging Strike
2-2: Ball
3-2: Strikes out looking
Batting: RHB Mark Roy 0-0: Called Strike
0-1: Ball
1-1: Foul Ball, location: 2F
1-2: Foul Ball, location: 2F
1-2: Strikes out swinging
Batting: LHB Héctor Martínez 0-0: Ball
1-0: Fly out, F7 (Flyball, 7S)
Top of the 9th over - 0 run(s), 0 hit(s), 0 error(s), 0 left on base; Amarillo 4 - Blueville 1
BOTTOM OF THE 9TH
Blueville 83's batting - Pitching for Amarillo Archdukes : RHP Larry Pérez
Pitching: RHP Nick Parks
Batting: RHB Kuniaki Kawashima 0-0: Ball
1-0: Swinging Strike
1-1: Swinging Strike
1-2: Strikes out swinging
Batting: RHB Jorge Rodríguez 0-0: Called Strike
0-1: Ball
1-1: Ball
2-1: Foul Ball, location: 2F
2-2: Ground out 5-3 (Groundball, 5L)
Batting: LHB Jacob Wright 0-0: Called Strike
0-1: Ball
1-1: Foul Ball, location: 2F
1-2: Foul Ball, location: 2F
1-2: Foul Ball, location: 2F
1-2: Ball
2-2: Ball
3-2: Foul Ball, location: 2F
3-2: Foul Ball, location: 2F
3-2: Foul Ball, location: 2F
3-2: Base on Balls
Batting: RHB Gernot Renner 0-0: Ball
1-0: Foul Ball, location: 2F
1-1: Foul Ball, location: 2F
1-2: Fly out, F9 (Flyball, 89D)
Bottom of the 9th over - 0 run(s), 0 hit(s), 0 error(s), 1 left on base; Amarillo 4 - Blueville 1
Monday, December 5th, 2016 - OOTP Baseball 17.12 Build 75